Match 47263471
Unlisted

Match 47263471
End
Panzergrenadier Squad
Kradschützen Motorcycle Team
Selects Italian Infantry
Panzergrenadier Squad
250 Light Carrier
Construct Light Support Kompanie
Fire Support Elements
Combat Half-tracks
Selects Guastatori Squad
Panzerjäger Mechanized Group
Flakvierling Half-track
Construct Panzerarmee Kommand
Selects Defensive Operations
Vehicle Survival Package
Panzer III L Medium Tank
le.IG 18 Mechanized Group
Emergency Repair Kits
Armored Reserves
Guastatori Squad
Selects Prepared Positions
Selects Registered Artillery
Panzerpioneer Squad
Selects Obice 305mm Barrage
Tiger Heavy Tank
Panzer III L Medium Tank
Rapid Advance
Selects Towed Cannone da 105/28 Field Howitzer
Kradschützen Motorcycle Team
Veteran Squad Leaders
Walking Stuka Rocket Launcher
Tungsten Core Ammunition
Walking Stuka Rocket Launcher
Guastatori Squad
Mamma Li Turchi
DALYARAK
Friend Simulator
Corrupted Sun
0
0

Comments sign in to comment!

No comments posted yet!